 Dungeon Crawl Stone Soup version 0.18.1-48-g4cf74bf (webtiles) character file.

334 grulito the Chopper (level 6, -7/56 HPs)
             Began as a Minotaur Fighter on June 29, 2016.
             Killed from afar by altaj's ghost (28 damage)
             ... with a bolt of negative energy
             ... on level 4 of the Dungeon.
             The game lasted 00:07:14 (3006 turns).

grulito the Chopper (Minotaur Fighter)              Turns: 3006, Time: 00:07:15

Health: -7/56      AC:  7    Str: 21    XL:     6   Next: 27%
Magic:  5/5        EV:  9    Int:  5    God:
Gold:   161        SH:  0    Dex: 11    Spells: 0 memorised, 5 levels left

rFire  . . .     SeeInvis .     y - +2 spear (flame)
rCold  . . .     Gourm    .     b - +0 scale mail
rNeg   . . .     Faith    .     (no shield)
rPois  .         Spirit   .     (helmet restricted)
rElec  .         Dismiss  .     (no cloak)
rCorr  .         Reflect  .     (no gloves)
SustAt .         Harm     .     (no boots)
MR     .....                    (no amulet)
Stlth  ..........               (no ring)
                                (no ring)

@: heavily drained, not resistant to hostile enchantments, extremely unstealthy
A: retaliatory headbutt, horns 2
a: no special abilities


You were on level 4 of the Dungeon.
You were not hungry.

You visited 1 branch of the dungeon, and saw 4 of its levels.

You collected 161 gold pieces.

Inventory:

Hand Weapons
 a - a +0 war axe
 x - a +2 antimagic halberd
 y - a +2 spear of flaming (weapon)
Armour
 b - a +0 scale mail (worn)
 c - a +0 shield
 e - a +0 ring mail
Jewellery
 s - a +2 ring of protection {unknown}
Scrolls
 g - 5 scrolls of identify {unknown}
 k - a scroll of enchant weapon {unknown}
 n - a scroll of noise {unknown}
 p - a scroll of recharging {unknown}
 q - 2 scrolls of amnesia {unknown}
 r - 2 scrolls of fear {unknown}
 t - 2 scrolls of teleportation {unknown}
 u - a scroll of random uselessness {unknown}
Potions
 d - a potion of might
 f - a potion of agility {unknown}
 h - a potion of mutation {unknown}
 j - a potion of heal wounds {unknown}
 m - a potion of lignification {unknown}
 o - 2 potions of cure mutation {unknown}
 w - a potion of magic {unknown}
 z - a potion of brilliance {unknown}
Comestibles
 i - a royal jelly
 l - 2 fruits
 v - 2 bread rations
 A - a meat ration


   Skills:
 + Level 5.0(3.8) Fighting
 * Level 5.8(4.6) Axes
 + Level 0.8(2.5) Polearms
 + Level 5.3(4.1) Armour
 - Level 0.3(0.0) Stealth
 - Level 3.7(2.5) Shields


You had 5 spell levels left.
You didn't know any spells.

Dungeon Overview and Level Annotations

Branches:
Dungeon (4/15)
 Temple: D:4-7

Altars:
Ashenzari

Annotations:
D:4 altaj's ghost, novice DrTm


Innate Abilities, Weirdness & Mutations

You reflexively headbutt those who attack you in melee.
You have a pair of horns on your head.


Message History

Press: ? - help, Dir - move target cursor, f - altaj's ghost
Aim: altaj's ghost (catching its breath)
You reach to attack!
You hit altaj's ghost but do no damage. You hit altaj's ghost but do no damage.
Altaj's ghost completely misses you. You furiously retaliate!
You headbutt altaj's ghost, but do no damage.
You hit altaj's ghost. You burn altaj's ghost.
You headbutt altaj's ghost, but do no damage.
Altaj's ghost is lightly damaged.
Altaj's ghost hits you!
You hit altaj's ghost. You burn altaj's ghost. You headbutt altaj's ghost.
Altaj's ghost is lightly damaged.
Altaj's ghost hits you but does no damage.
You hit altaj's ghost but do no damage. Your headbutt misses altaj's ghost.
Altaj's ghost is lightly damaged.
Altaj's ghost hits you.
Altaj's ghost breathes negative energy at you.
The bolt of negative energy hits you!
You feel drained.
Ouch! That really hurt!
You die...

#...# #......# #...# ######.#
##.## #.# #.# #.#
#############.#############..
.............................
..##....#####.###############
...##....#####..........#
...........W.@..........#
...##....#####..........# .
#....# #..........# #....#
#..........# #....#
#..........# #....#
#..........# #....#
#..........# #....#
#..........#
#....#####..........######


You could see altaj's ghost.

Vanquished Creatures
  A phantom (D:3)
  An iguana (D:4)
  An orc wizard (D:4)
  4 gnolls (D:3)
  5 adders
  An ooze (D:2)
  An adder skeleton (D:4)
  2 worms
  2 dart slugs
  2 giant geckos
  7 orcs
  10 giant cockroaches
  7 hobgoblins
  5 jackals
  3 quokkas
  10 bats
  4 giant newts
  10 goblins
  4 kobolds
  8 rats
88 creatures vanquished.

Notes
Turn   | Place    | Note
--------------------------------------------------------------
     0 | D:1      | grulito the Minotaur Fighter began the quest for the Orb.
     0 | D:1      | Reached XP level 1. HP: 19/19 MP: 0/0
   119 | D:1      | Reached XP level 2. HP: 27/27 MP: 1/1
   602 | D:2      | Reached XP level 3. HP: 33/33 MP: 2/2
   915 | D:2      | Reached XP level 4. HP: 41/41 MP: 3/3
  1628 | D:3      | Reached XP level 5. HP: 18/47 MP: 4/4
  1630 | D:3      | Found a shattered altar of Ashenzari.
  1884 | D:3      | Noticed a phantom
  1909 | D:3      | Killed a phantom
  1909 | D:3      | Reached skill level 5 in Axes
  1909 | D:3      | Reached skill level 5 in Armour
  2317 | D:4      | Reached XP level 6. HP: 55/55 MP: 5/5
  2927 | D:4      | Reached skill level 5 in Fighting
  2995 | D:4      | Noticed altaj's ghost (novice DrTm)
  3006 | D:4      | Killed from afar by altaj's ghost

Skill      XL: |  1  2  3  4  5  6 |
---------------+-------------------+-----
Fighting       | 4 5 |  5.0
Armour         | 4 5 |  5.3
Axes           | 3 4 5 |  5.8
Polearms       | |  0.8
Stealth        | |  0.3
Shields        | |  3.7

Action                   |  1- 3 |  4- 6 || total
-------------------------+-------+-------++-------
Melee: War axe           |    77 |    56 ||   133
       Headbutt          |    12 |    20 ||    32
       Spear             |       |    70 ||    70
  Eat: Bread ration      |       |     1 ||     1
       Chunk             |       |     2 ||     2
Armor: Scale mail        |    43 |    33 ||    76
Dodge: Dodged            |    22 |    36 ||    58
Block: Shield            |    52 |    30 ||    82
